priest, chaotic female human Ranger ---- ----|..| |..--..| ----*-- |......-- . |.....*| ----...[-- ---.. -......| |...))| |.... |......-- |..)|%--- ---.-- |...---- |...|...-- |...| --- -..-| |...|--....-----.--- |..-- .....| ---.|--.%....|...| -..---- ...-- |.|........|.--- .---------.^...| -.(| -----|.|..........| ..<.............| |..--- - |.. --...--.|--.......-- .^...-------.|>-- --...--.--- |... |.......----....... .....-- ----- --.......-- ..... -----....| ------- ......| ...............- --...--- ......-- ..............---------.....| ..aa...| .--.|......................| -......| - ----.....------.....-- ---..-- .---- --.|.-- |..| ----- --- priest the Reconnoiteress Experience level: 10 Strength: 17 Dexterity: 14 Constitution: 16 Intelligence: 13 Wisdom: 15 Charisma: 8 Health: 0(74) Energy: 40(40) Def: 9 Gold: 2771 Moves: 21977 Dungeon seed: 3st88nFPMNWpcihd Game ID: priest_1539851654 Your Inventory: Coins $ - 2771 gold pieces Amulets p - a cursed amulet of strangulation U - an uncursed amulet of reflection (being worn) Weapons b - a +1 bow (alternate weapon; not wielded) d - 2 +2 arrows (in quiver) I - the fireproof +0 Sting (weapon in hand) Armor e - an uncursed +2 cloak of displacement n - an uncursed very rusty +0 dwarvish iron helm (being worn) o - an uncursed +0 dwarvish mithril-coat (being worn) R - an uncursed +1 mummy wrapping T - an uncursed +0 pair of iron shoes (being worn) V - an uncursed rusty +0 dwarvish roundshield (being worn) Comestibles x - 6 uncursed food rations A - an uncursed lembas wafer Scrolls s - a blessed scroll of earth t - a cursed scroll of create monster u - an uncursed scroll of gold detection F - 2 uncursed scrolls of create monster G - 2 uncursed scrolls of earth S - an uncursed scroll of remove curse Potions f - an uncursed potion of healing K - an uncursed potion of full healing Q - a potion of holy water Rings v - a cursed ring of teleportation named cursed B - an uncursed ring of fire resistance H - an uncursed ring of slow digestion (on left hand) X - an uncursed ring of searching Wands a - a wand of lightning (0:7) g - a wand of lightning (0:4) i - a wand of digging (0:5) w - a wand of striking (0:5) C - a wand of fire (0:4) D - a wand of magic missile (0:7) E - a wand of nothing (0:2) L - a wand of undead turning (0:5) N - a wand of magic missile (0:3) O - a wand of magic missile (0:8) Tools c - an uncursed brass lantern (lit) (0:345) l - an uncursed stethoscope q - an uncursed skeleton key r - an uncursed towel J - a +0 unicorn horn W - an uncursed magic whistle Gems h - 2 uncursed amethyst stones j - 4 uncursed worthless pieces of green glass k - an uncursed worthless piece of yellow glass m - 2 uncursed worthless pieces of violet glass y - 7 uncursed worthless pieces of white glass z - 5 uncursed worthless pieces of blue glass M - an uncursed luckstone P - 5 uncursed emeralds Y - an uncursed fluorite stone Z - 2 uncursed diamonds Spells and supernatural/magical abilities: Name Level Category Fail Memory B - cure blindness 2 healing 100% 27% W - pray for help -- divine ? -- Your skills at the end: Fighting Skills Weapon Skills dagger [Expert] bow [Skilled] Spellcasting Skills Final Attributes: You were piously aligned. You were cold resistant. You were poison resistant. You were telepathic. You were aware of the presence of orcs. You had automatic searching. You were invisible. You were stealthy. You could teleport. You had teleport control. You had slower digestion. You had reflection. You were lucky. You had extra luck. Bad luck did not time out for you. Good luck did not time out for you. You are dead. Vanquished creatures: 2 giant mimics a bone devil 3 large mimics a fire elemental 4 small mimics a xan an ettin mummy a quantum mechanic a gelatinous cube a freezing sphere a flaming sphere a shocking sphere a tiger 6 tengu 4 leocrottas an elf mummy a human mummy a pit viper a python 2 wraiths 2 ettin zombies 3 chameleons 2 crocodiles 3 giant beetles a cockatrice 6 wolves 2 lynxes 32 leprechauns an iron piercer 2 mumakil 3 giant spiders a scorpion an ice vortex a vampire bat 2 gnome kings 4 orc mummies an ogre 2 owlbears 3 yetis a werewolf 2 lizards 2 dogs a dwarf lord a blue jelly a white unicorn a gray unicorn 4 dust vortices 2 ravens 3 snakes an ape 3 human zombies a rope golem 2 Woodland-elves 4 soldier ants a fire ant a bugbear an imp 3 wood nymphs 4 water nymphs a mountain nymph 42 Mordor orcs an Uruk-hai an orc shaman 6 rock piercers 2 rock moles 2 ponies 2 fog clouds a yellow light 5 shriekers 15 gnome lords 7 gnomish wizards 3 kobold mummies 2 golden naga hatchlings 2 guardian naga hatchlings a gray ooze 2 ghouls 3 straw golems a paper golem a baby crocodile 7 giant ants 4 little dogs 5 floating eyes a kitten 25 dwarves 2 kobold lords 2 kobold shamans 15 rothes 2 rabid rats a centipede 2 giant bats 6 monkeys 4 orc zombies 2 wererats 2 werejackals 10 iguanas 10 killer bees 4 acid blobs 12 coyotes 3 gas spores 10 hobbits 14 manes 4 large kobolds 5 hobgoblins 18 giant rats 9 cave spiders a brown mold 2 yellow molds a green mold 2 red molds 74 gnomes 2 gnome zombies 9 geckos 29 jackals 4 foxes 4 kobolds 7 goblins 12 sewer rats 19 grid bugs 8 bats 10 lichens 2 kobold zombies 11 newts 622 creatures vanquished. Voluntary challenges: You had been an atheist until turn 2600. You used a wielded weapon 1202 times, starting on turn 67. You read items or engraved 54 times, starting on turn 460. You never genocided any monsters. You never polymorphed an object. You never changed form. You used no wishes. You never split a pudding. You wrote Elbereth's name 34 times, starting on turn 2799. You violated your moral code, losing 68 points of alignment, starting on turn 7720. Dungeon overview: The Dungeons of Doom: levels 1 to 12 Level 1 a fountain a long staircase Level 2 a general store, a fountain Level 3 a scroll shop stairs to The Gnomish Mines Level 4 some fountains Level 5 an altar to Mars, a fountain Level 6 a sink Level 7 Level 8 Level 9 many fountains Level 10 a temple to Venus stairs to Sokoban Level 11 Level 12 some fountains The Gnomish Mines: levels 4 to 12 Level 4 stairs to The Dungeons of Doom Level 5 Level 6 Level 7 some shops, a temple to Mars, some fountains, a sink Level 8 Level 9 <- You were here Level 10 Level 11 Level 12 Sokoban: levels 6 to 9 Level 6 Level 7 Level 8 Level 9 stairs to The Dungeons of Doom History has recorded: On T:1 you entered the Dungeons of Doom to retrieve the Amulet of Yendor! On T:272 you reached level 2 of The Dungeons of Doom. On T:565 you advanced to experience level 2. On T:875 you reached level 3 of The Dungeons of Doom. On T:1124 you advanced to experience level 3. On T:1169 you reached level 1 of The Gnomish Mines. On T:1430 you reached level 4 of The Dungeons of Doom. On T:1784 you advanced to experience level 4. On T:1852 you reached level 5 of The Dungeons of Doom. On T:2359 you advanced to experience level 5. On T:2504 you reached level 6 of The Dungeons of Doom. On T:2600 you received Sting from Mars. On T:3196 you advanced to experience level 6. On T:3805 you reached level 7 of The Dungeons of Doom. On T:4102 you advanced to experience level 7. On T:5224 you advanced to experience level 8. On T:7512 you reached level 8 of The Dungeons of Doom. On T:7582 you reached level 9 of The Dungeons of Doom. On T:8599 you reached level 10 of The Dungeons of Doom. On T:9200 you reached level 11 of The Dungeons of Doom. On T:9349 you advanced to experience level 9. On T:9434 you reached level 12 of The Dungeons of Doom. On T:10297 you reached level 4 of Sokoban. On T:10868 you reached level 3 of Sokoban. On T:11921 you reached level 2 of Sokoban. On T:12534 you reached level 1 of Sokoban. On T:15182 you advanced to experience level 10. On T:15606 you reached level 2 of The Gnomish Mines. On T:16040 you reached level 3 of The Gnomish Mines. On T:16228 you reached level 4 of The Gnomish Mines. On T:19802 you reached level 5 of The Gnomish Mines. On T:19875 you reached level 6 of The Gnomish Mines. On T:20152 you reached level 7 of The Gnomish Mines. On T:20465 you reached level 8 of The Gnomish Mines. On T:20582 you reached level 9 of The Gnomish Mines. Score breakdown: Gold: 2771 (11711 points) Experience: 10 levels (16712 points) Exploration: 12 levels ( 23.53%) (14071 points) Discoveries: 39 items ( 13.04%) (10834 points) Valuables value: (no points given unless you survive) Artifact value: 800 ( 9877 points) Variety of kills: 122 monsters ( 32.02%) (16976 points) Turncount: 21977 turns (-3541 points) Survival: died (score multiplied by 80%) Total score: 61312 Latest messages: You are now wearing a topaz ring. You see here a rothe corpse. This rothe corpse tastes terrible! You finish eating the rothe corpse. You find a squeaky board. The soldier ant bites! The soldier ant misses. (2x) The soldier ant stings! The soldier ant bites! The soldier ant stings! You hit the soldier ant! The soldier ant bites! The soldier ant misses. The soldier ant bites! The soldier ant stings! You write in the dust with your fingers. The soldier ant misses. The soldier ant just misses! The soldier ant misses. The soldier ant stings! The soldier ant bites! The soldier ant stings! The soldier ant misses. The soldier ant stings! You die... Final status: Goodbye priest the Ranger, killed by a soldier ant... You died in The Gnomish Mines on dungeon level 9 with 61312 points, and 2771 pieces of gold, after 21977 moves. You were level 10 with a maximum of 74 hit points when you died.